[Event "Late-Titled-Tuesday-Blitz-July-09-2024"]
[Site "Chess.com"]
[Date "2024.07.09"]
[Round "7"]
[White "MatthewG-p4p"]
[Black "Keaton87"]
[Result "1-0"]
[WhiteElo "2920"]
[BlackElo "2650"]
[TimeControl "180+1"]
[EndTime "15:18:40 PDT"]
[Termination "MatthewG-p4p won on time"]

1. f4 Nf6 2. Nf3 g6 3. g3 Bg7 4. Bg2 O-O 5. O-O d6 6. d3 Nbd7 7. Nc3 e5 8. e4 c6 9. f5 gxf5 10. Nh4 fxe4 11. dxe4 Nc5 12. Nf5 Bxf5 13. Rxf5 Ne6 14.
Be3 d5 15. exd5 Nxd5 16. Nxd5 cxd5 17. Bxd5 Nd4 18. Bxd4 exd4 19. Qf3 Qb6 20. Kh1 Qxb2 21. Rf1 d3 22. cxd3 Rad8 23. Be4 h6 24. Rh5 Rd6 25.
Rf5 Qxa2 26. Bd5 Rxd5 27. Rxd5 a5 28. Rd7 b5 29. d4 Qe6 30. Rd5 Rb8 31. Rf5 a4 32.
Rxf7 a3 33. d5 Qd6 34. Qf5 a2 35. Rd7 Rf8 36. Rxg7+ Kxg7 37. Qg4+ Kh7 38. Qe4+ Kg7 39. Qd4+ Rf6 40. Qa7+ Kg6 41. Rd1 b4 42. Qxa2 Rf5 43.
Qc2 Kf6 44. Qb2+ Kg6 45. Qd4 Re5 46. Kg2 h5 47. h4 Rf5 48. Rd2 Re5 49. Qd3+ Rf5 50. Qe4 Kf6 51. Qd4+ Kg6 52. Qc4 Re5 53. Qc2+ Kh6 54. Qb3 Kg6 55. Qd3+ Kf6 56. Rf2+ Kg7 57.
Rd2 Kf6 58. Qd4 Kg6 59. Qf4 b3 60. Qf3 Rf5 61. Qd3 Kf6 62. Qxb3 Re5 63. Qf3+ Rf5 64. Qc3+ Kg6 65. Qd3 Kf6 66. Qd4+ Kg6 67. Kh2 Re5 68. Qd3+ Rf5 69. Rf2 Qxd5 70. Qe2 Qe5 71. Qc2 Qd5 72.
Rxf5 Qxf5 73. Qg2 Qg4 74. Qd2 Kf5 75. Qf2+ Ke5 76. Qe3+ Kf5 77. Qd2 Qf3 78. Qg5+ Ke4 79. Qe7+ Kd3 80. Qd6+ Ke2 81. Qa6+ Kf2 82. Qa2+ Ke3 83.
Qa3+ Kf2 84. Qb2+ Ke3 85. Qc3+ Kf2 86. Qd2+ Kf1 87. Qf4 Ke2 88. Qxf3+ Kxf3 89. Kh3 Ke4 90. g4 Ke5 91. g5 Kf5 92. Kg3 Kg6 93. Kf4 1-0

[Event "Late-Titled-Tuesday-Blitz-July-09-2024"]
[Site "Chess.com"]
[Date "2024.07.09"]
[Round "7"]
[White "Igor_Janik"]
[Black "Msb2"]
[Result "0-1"]
[WhiteElo "2891"]
[BlackElo "3090"]
[TimeControl "180+1"]
[EndTime "15:18:58 PDT"]
[Termination "Msb2 won by resignation"]

1. e4 e6 2. Qe2 Nc6 3. f4 d5 4. e5 Nd4 5. Qd1 c5 6. c3 Nc6 7. Nf3 Nh6 8. Bd3 c4 9. Bc2 Bc5 10. Qe2 f6 11. b4 Bb6 12. b5 Nb8 13. d4 cxd3 14. Bxd3 O-O 15. Nbd2 Nd7 16. Nb3 Nf7 17. Ba3 Re8 18. O-O-O fxe5 19. fxe5 Qc7 20. Qc2 Ndxe5 21.
Nxe5 Nxe5 22. Bxh7+ Kh8 23. Kb1 Bd7 24. Nd4 Rac8 25. Bb2 Rf8 26. Rhe1 a6 27. Re3 Ng4 28. Rh3 Nh6 29. Bg6 Qe5 30. Bc1 Kg8 31. Bh7+ Kf7 32. Qg6+ Ke7 33. Bg5+ Kd6 34. Re3 Bxd4 35. Rxd4 Qf5+ 36.
Qxf5 Nxf5 37. Bxf5 Rxf5 38. Bh4 Bxb5 39. Bg3+ Kd7 40. Rg4 g5 41. h4 gxh4 42. Rxh4 Rg8 43. Rh7+ Kc8 44. Rh2 Rfg5 45. Bd6 Rxg2 46. Rxg2 Rxg2 47.
Rxe6 Kd7 48. Rf6 Bd3+ 49. Ka1 a5 50.
Be5 Bc4 51. Rb6 Rxa2+ 52. Kb1 Re2 53. Bd4 a4 54. Rxb7+ Kc6 55. Ra7 Bb3 56. Ra5 Kd6 57. Ra6+ Kd7 58. Bc5 Rg2 59. Bb4 Kc7 60. Kc1 Kb7 61.
Rh6 Rc2+ 62. Kb1 Re2 63. Kc1 Bc4 64. Kb1 Rg2 65. Rf6 Bd3+ 66. Ka1 Rc2 67. Rh6 Kc7 68. Rf6 Kd7 69. Rd6+ Kc7 70. Rxd5 Rc1+ 71. Kb2 Rb1+ 72. Ka3 Bc2 73. Rd2 Bb3 74. c4 Kc6 75. Bc3 Rc1 76. Bb2 Rxc4 77. Rd4 Rc2 78. Rh4 Re2 79. Rh6+ Kd5 80.
Rh5+ Kc4 81. Rh4+ Kd3 82. Rh3+ Kc2 83. Rh8 Rg2 84. Rc8+ Kd3 85. Rd8+ Ke4 86. Re8+ Kd5 87. Rd8+ Kc6 88. Rc8+ Kb7 89. Rc3 Re2 90. Rh3 Bd1 91.
Rh7+ Kc6 92. Rh6+ Kd7 93. Rh3 Bb3 94. Rd3+ Ke8 95. Rc3 Re4 96. Rh3 Be6 97. Rh8+ Kd7 98. Rh7+ Kc6 99. Rh6 Kb5 100. Bc3 Re3 101. Kb2 a3+ 102. Kc2 Bf5+ 103. Kd2 Rd3+ 104. Kc2 Rh3+ 0-1

[Event "Late-Titled-Tuesday-Blitz-July-09-2024"]
[Site "Chess.com"]
[Date "2024.07.09"]
[Round "7"]
[White "mishanick"]
[Black "ValeriyGrinev"]
[Result "1/2-1/2"]
[WhiteElo "3079"]
[BlackElo "2690"]
[TimeControl "180+1"]
[EndTime "15:19:01 PDT"]
[Termination "Game drawn - insufficient material"]

1. e4 c6 2. Nf3 d5 3. Nc3 Bg4 4. h3 Bxf3 5. Qxf3 dxe4 6. Nxe4 Nd7 7. Bc4 Ne5 8. Qe2 Nxc4 9. Qxc4 Qd5 10. Qe2 f5 11.
Ng3 Qxg2 12. d3 Nf6 13. Bg5 O-O-O 14. O-O-O Qd5 15. c4 Qd7 16. Qe5 g6 17. Bf4 Qd6 18. Qe3 e5 19. Bxe5 Bh6 20. f4 Rhe8 21. d4 Qb4 22.
Kb1 Qxc4 23. Qa3 Nd5 24. Qxa7 Bxf4 25. Qb8+ Kd7 26. Qxb7+ Ke6 27. Rhe1 Bxe5 28. Rxe5+ Kf6 29. b3 Qb5 30. Qxh7 Rxe5 31. dxe5+ Kxe5 32. Re1+ Kd6 33. Qxg6+ Kc7 34. Qg7+ Rd7 35. Qe5+ Kb7 36. Nxf5 Qd3+ 37. Ka1 Qd2 38. Qe2 Qc3+ 39. Kb1 Qxh3 40. Qc2 Nc3+ 41.
Kb2 Nb5 42. a4 Qh8+ 43. Ka2 Nc3+ 44. Ka3 Nd5 45. Qc5 Nb6 46. Nd6+ Kc7 47. Nb5+ Kb7 48. a5 Nd5 49. Nd6+ Rxd6 50. Qxd6 Qc3 51. Qd7+ Ka6 52. Qc8+ Kxa5 53. Qa8+ Kb6 54. Qb8+ Ka6 55. Qa8+ Kb6 56. Rd1 Nb4 57. Qb8+ Kc5 58. Qf8+ Kb5 59. Qb8+ Kc5 60. Qd6+ Kb5 61. Qd2 Nc2+ 62. Ka2 Nb4+ 63. Kb1 Qxb3+ 64. Kc1 Qa3+ 65. Kb1 Qb3+ 66. Kc1 Qa3+ 67. Qb2 Qe3+ 68. Kb1 Qe4+ 69. Ka1 Qc4 70. Rc1 Qd3 71. Qe5+ Ka4 72. Qb2 c5 73. Rxc5 Qd1+ 74. Rc1 Qd3 75. Rc3 Qd1+ 76.
Rc1 Qd3 77. Re1 Nc2+ 78. Ka2 Nxe1 79. Qb6 Qc4+ 80. Ka1 Qc3+ 81. Kb1 Qd3+ 82. Kb2 Qc2+ 83. Ka1 Qc1+ 84. Ka2 Qc4+ 85. Kb1 Nd3 86. Qa7+ Kb4 87. Qb6+ Kc3 88. Qf6+ Kd2 89. Qh6+ Kd1 90. Qh1+ Ne1 91. Qh5+ Kd2 92. Qh6+ Ke2 93. Qh5+ Kf2 94. Qf5+ Ke3 95. Qe5+ Kd2 96. Qg5+ Kc3 97. Qc1+ Kd3 98. Qd1+ Kc3 99. Qxe1+ Kb3 100. Qe3+ Qc3 101. Qxc3+ Kxc3 1/2-1/2

[Event "Late-Titled-Tuesday-Blitz-July-09-2024"]
[Site "Chess.com"]
[Date "2024.07.09"]
[Round "7"]
[White "FabianoCaruana"]
[Black "MetiForce"]
[Result "1/2-1/2"]
[WhiteElo "3169"]
[BlackElo "2920"]
[TimeControl "180+1"]
[EndTime "15:20:12 PDT"]
[Termination "Game drawn by 50-move rule"]

1. e4 c5 2. Nf3 d6 3. Bb5+ Nd7 4. O-O a6 5. Bd3 e6 6. Re1 Ngf6 7. Bf1 b5 8. a4 Bb7 9. axb5 axb5 10. Rxa8 Qxa8 11. Nc3 b4 12. Nb5 Qb8 13. d4 Bc6 14. c4 bxc3 15. Nxc3 cxd4 16. Nxd4 Bb7 17. Bb5 Be7 18. Bg5 h6 19.
Bh4 g5 20. Bg3 O-O 21. h4 Ne5 22. hxg5 hxg5 23. Nf3 Nfg4 24. Bf1 Kg7 25. Nb5 Bc6 26. Nbd4 Ba8 27. b3 Qb4 28. Nxe5 Nxe5 29. Re3 Rc8 30.
Nf3 Ng4 31. Re1 Bxe4 32. Nd4 Nf6 33. Re3 Bg6 34. Qa1 e5 35. Nf3 Ng4 36. Re1 Qxb3 37. Nd4 exd4 38. Rxe7 Qc3 39. Qd1 Nf6 40. Bxd6 Re8 41.
Rxe8 Nxe8 42. Be5+ f6 43. Bxd4 Qc7 44. Qe1 Qd7 45. Qe3 Nd6 46. Qxg5 Ne4 47. Qe3 Nd6 48. Qf4 Nf5 49. Bc3 Qe7 50. Qc4 Nd6 51. Qc5 Qe6 52. Qc7+ Bf7 53. Qc6 Ne4 54. Qxe6 Bxe6 55. Bd4 Kg6 56.
Bd3 f5 57. f3 Nd6 58. Kf2 Bc4 59.
Bc2 Nb5 60. Bb2 Nc7 61. g4 Be6 62. Kg3 Nd5 63. Bd4 Nb4 64. Bb1 Nc6 65. Bc3 Kf7 66.
gxf5 Bd5 67. Be4 Ne7 68. Kf4 Bc6 69. Ke5 Bd7 70. Bd2 Be8 71. Kf4 Bc6 72. Kg5 Nd5 73.
Be1 Ne7 74. Bg3 Nd5 75. Kg4 Nb4 76. Kf4 Nd5+ 77. Ke5 Ne7 78. Kd6 Nxf5+ 79. Bxf5 Bxf3 80. Ke5 Bc6 81. Kf4 Bd5 82. Kg5 Kg8 83. Be5 Bf7 84. Kf6 Ba2 85. Ke7 Bb3 86. Kf6 Ba2 87. Kg5 Kf7 88. Kh6 Ke7 89. Kg7 Be6 90. Bf6+ Kd7 91. Bh7 Kd6 92. Kf8 Bc4 93. Be7+ Ke5 94. Kg7 Bd5 95.
Bf6+ Ke6 96. Bg8+ Kd6 97. Bh7 Be6 98. Be4 Bd5 99. Bd3 Be6 100. Bd4 Kd5 101. Bc3 Kd6 102. Kf6 Bd5 103. Bb4+ Kd7 104. Ke5 Bb3 105. Bb5+ Kc7 106. Ba5+ Kb7 107. Kd6 Bc2 108. Bc6+ Ka6 109. Bc3 Bd3 110. Kc7 Bf1 111. Kd6 Bb5 112. Ba8 Bf1 113. Kc5 Be2 114. Bc6 Bf1 115. Bd5 Be2 116. Be6 Kb7 117. Ba5 Ka6 118. Bb6 Kb7 119. Bd5+ Ka6 120. Bc6 Bf1 121. Bd7 Kb7 122. Bc6+ Ka6 123. Bf3 Bd3 124. Bg2 Be2 125. Bh3 Kb7 126. Be6 Bf1 127. Bd8 Be2 128. Bd5+ Kc8 129. Ba5 Kd7 1/2-1/2

[Event "Late-Titled-Tuesday-Blitz-July-09-2024"]
[Site "Chess.com"]
[Date "2024.07.09"]
[Round "8"]
[White "Arystanner"]
[Black "tusplingher"]
[Result "1-0"]
[WhiteElo "2887"]
[BlackElo "2678"]
[TimeControl "180+1"]
[EndTime "15:22:48 PDT"]
[Termination "Arystanner won by resignation"]

1. e4 c5 2. Nf3 e6 3. c3 d5 4. e5 d4 5. g3 Nc6 6. Bg2 Nge7 7. O-O Ng6 8. Re1 Be7 9. d3 O-O 10. cxd4 Nxd4 11. Nxd4 Qxd4 12. Na3 Nxe5 13. Nc2 Qxd3 14.
Bf4 Qxd1 15. Raxd1 Bf6 16. Bxe5 1-0

[Event "Late-Titled-Tuesday-Blitz-July-09-2024"]
[Site "Chess.com"]
[Date "2024.07.09"]
[Round "8"]
[White "AlexZambrano"]
[Black "IMVadim"]
[Result "1-0"]
[WhiteElo "2363"]
[BlackElo "2414"]
[TimeControl "180+1"]
[EndTime "15:22:55 PDT"]
[Termination "AlexZambrano won by resignation"]

1. e4 c5 2. b3 Nf6 3. d3 Nc6 4.
f4 d5 5. e5 Ng8 6. Nf3 e6 7. g3 h5 8. Bg2 Nh6 9. h3 Nf5 10. Kf2 a6 11. Bb2 b5 12. Nbd2 Bb7 13.
Qe1 g6 14. h4 Rc8 15. Bh3 Nce7 16. Kg2 d4 17. Ne4 Ne3+ 18. Qxe3 1-0

[Event "Late-Titled-Tuesday-Blitz-July-09-2024"]
[Site "Chess.com"]
[Date "2024.07.09"]
[Round "8"]
[White "MarcoRiehle"]
[Black "mamey78"]
[Result "0-1"]
[WhiteElo "2846"]
[BlackElo "2640"]
[TimeControl "180+1"]
[EndTime "15:23:38 PDT"]
[Termination "mamey78 won by resignation"]

1. e4 e5 2. Nf3 Nc6 3. d4 exd4 4. Bc4 Nf6 5. O-O Nxe4 6. Nc3 Nxc3 7. bxc3 Be7 8. cxd4 d5 9. Bd3 O-O 10. Re1 Bg4 11.
Bf4 Bd6 12. Bxd6 Qxd6 13. Bxh7+ Kh8 14. Bd3 Nxd4 15. h3 Nxf3+ 16. gxf3 Bxh3 17. f4 Qxf4 18. Qh5+ Qh6 19. Qxh6+ gxh6 20. Re7 Rac8 21. Kh2 Be6 22. Re1 Rfe8 23. Rxe8+ Rxe8 24. Kg3 Kg7 25. f4 Kf6 26. Rh1 Rg8+ 27. Kf2 Rh8 28. Kg3 h5 29. Re1 c5 30.
a4 h4+ 31. Kf3 h3 32. a5 h2 33. Rh1 c4 34. Bf1 Bf5 35. Kg3 Be4 36. Bg2 Rg8+ 0-1

[Event "Late-Titled-Tuesday-Blitz-July-09-2024"]
[Site "Chess.com"]
[Date "2024.07.09"]
[Round "8"]
[White "lluiss"]
[Black "maurovargas01"]
[Result "1-0"]
[WhiteElo "2206"]
[BlackElo "1934"]
[TimeControl "180+1"]
[EndTime "15:23:43 PDT"]
[Termination "lluiss won by resignation"]

1. Nf3 Nc6 2. d4 e5 3. d5 e4 4. dxc6 exf3 5. cxd7+ Bxd7 6. exf3 Nf6 7. Bc4 Bd6 8. Qe2+ Qe7 9. Qxe7+ Bxe7 10. O-O O-O-O 11.
Nc3 c6 12. Be3 Kb8 13. a4 Bd6 14.
Bd4 Be6 15. Bxe6 fxe6 16. Rfd1 Nd5 17. Bxg7 Rhg8 18. Nxd5 Rxg7 19. Ne3 Rdg8 20. Rxd6 1-0

[Event "Late-Titled-Tuesday-Blitz-July-09-2024"]
[Site "Chess.com"]
[Date "2024.07.09"]
[Round "8"]
[White "protectiago"]
[Black "Roedor"]
[Result "1-0"]
[WhiteElo "2177"]
[BlackElo "2375"]
[TimeControl "180+1"]
[EndTime "15:23:47 PDT"]
[Termination "protectiago won by resignation"]

1. d4 Nf6 2. c4 g6 3. Nc3 Bg7 4. e4 d6 5. Nf3 O-O 6. Be2 e5 7. Be3 exd4 8. Nxd4 Re8 9. f3 c6 10. Bf2 d5 11. cxd5 cxd5 12. exd5 Nxd5 13. O-O Ne3 14. Bxe3 Rxe3 15. Nc2 Re8 16. Qxd8 Rxd8 17. Rad1 Re8 18. Bb5 Nc6 19. Nd5 Re2 20. Bxe2 1-0

[Event "Late-Titled-Tuesday-Blitz-July-09-2024"]
[Site "Chess.com"]
[Date "2024.07.09"]
[Round "8"]
[White "urano56"]
[Black "enriquebutti"]
[Result "1-0"]
[WhiteElo "2419"]
[BlackElo "2186"]
[TimeControl "180+1"]
[EndTime "15:23:48 PDT"]
[Termination "urano56 won by resignation"]

1. Nf3 d6 2. d4 Nf6 3. c4 g6 4. g3 Bg7 5. Bg2 O-O 6. O-O Nc6 7. Nc3 a6 8. Bg5 h6 9. Bf4 Rb8 10. Qd2 Kh7 11. h4 b5 12. cxb5 axb5 13. Bxh6 Bxh6 14. Ng5+ Bxg5 15. hxg5 Nxd4 16. Qxd4 Nd7 17. Bc6 e5 18. Qh4+ Kg7 19. Qh6+ Kg8 20. Bxd7 Bxd7 21. Nd5 1-0

[Event "Late-Titled-Tuesday-Blitz-July-09-2024"]
[Site "Chess.com"]
[Date "2024.07.09"]
[Round "8"]
[White "talaicito"]
[Black "Redzishchess"]
[Result "1-0"]
[WhiteElo "2333"]
[BlackElo "2453"]
[TimeControl "180+1"]
[EndTime "15:23:52 PDT"]
[Termination "talaicito won by resignation"]

1. d4 Nf6 2. Nc3 d5 3. Bf4 g6 4.
e3 Bg7 5. Nf3 O-O 6. Ne5 c5 7.
h4 h5 8. f3 Nc6 9. Qd2 Be6 10.
O-O-O c4 11. Nxc6 bxc6 12. Na4 Bf5 13. Be2 Nd7 14. g4 hxg4 15. h5 Be4 16. fxe4 1-0

[Event "Late-Titled-Tuesday-Blitz-July-09-2024"]
[Site "Chess.com"]
[Date "2024.07.09"]
[Round "8"]
[White "marvinguevara"]
[Black "eightbyeightchess"]
[Result "0-1"]
[WhiteElo "2093"]
[BlackElo "2392"]
[TimeControl "180+1"]
[EndTime "15:23:53 PDT"]
[Termination "eightbyeightchess won by checkmate"]

1. e4 e6 2. d4 d5 3. Nc3 Nf6 4. Bg5 dxe4 5. Nxe4 Be7 6. Bxf6 gxf6 7. Nf3 f5 8. Ned2 c5 9. c3 Nc6 10. Bb5 Bd7 11.
O-O cxd4 12. cxd4 Bf6 13. Nc4 O-O 14. Nce5 Nxe5 15. dxe5 Bxb5 16. exf6 Bxf1 17. Qd4 Qxd4 18. Nxd4 Ba6 19. Re1 Rfd8 20. Nf3 Rac8 21. Ne5 Be2 22. h3 Rd1 23. Nf3 Bxf3 24. Rxd1 Bxd1 25. Kh2 Rc2 26. Kg3 Rxb2 27. Kf4 Rxf2+ 28. Kg5 Rxg2+ 29. Kh4 f4 30. a4 f3 31. a5 f2 32. a6 f1=Q 33.
axb7 Qxf6# 0-1

[Event "Late-Titled-Tuesday-Blitz-July-09-2024"]
[Site "Chess.com"]
[Date "2024.07.09"]
[Round "8"]
[White "ImportedItalianMaple"]
[Black "Martins-BR"]
[Result "0-1"]
[WhiteElo "2471"]
[BlackElo "2404"]
[TimeControl "180+1"]
[EndTime "15:24:05 PDT"]
[Termination "Martins-BR won by resignation"]

1. d4 f5 2. Nc3 d5 3. Bf4 a6 4.
Nf3 Nf6 5. e3 e6 6. Bd3 Bd6 7.
Ne5 O-O 8. Bg3 Nbd7 9. f4 Qe7 10. Bh4 c5 11. O-O c4 12. Be2 Qe8 13. Bf3 b5 14. a4 b4 15. Nxc4 dxc4 16. Bxa8 bxc3 17.
bxc3 Nd5 18. Qe2 N7b6 19. a5 Nxa8 20. Qxc4 Nxe3 0-1

[Event "Late-Titled-Tuesday-Blitz-July-09-2024"]
[Site "Chess.com"]
[Date "2024.07.09"]
[Round "8"]
[White "Vladimir_Zakhartsov"]
[Black "Vladimir_2020"]
[Result "1-0"]
[WhiteElo "2905"]
[BlackElo "2775"]
[TimeControl "180+1"]
[EndTime "15:24:21 PDT"]
[Termination "Vladimir_Zakhartsov won by resignation"]

1. d4 d5 2. c4 c6 3. cxd5 cxd5 4. Bf4 Nc6 5. e3 Nf6 6. Bb5 Bd7 7. Nc3 e6 8. Nf3 Be7 9. h3 O-O 10. O-O Qb6 11. a3 Rfc8 12. Bd3 Na5 13. Rb1 Nc4 14.
Ne5 Be8 15. Nxc4 dxc4 16. Bc2 Nd5 17. Nxd5 exd5 18. Qh5 g6 19. Qxd5 Bc6 20. Qe5 Bf8 21.
Bg5 Re8 22. Qf4 Qa5 23. Rfd1 c3 24. bxc3 Qxc3 25. Bb3 1-0

[Event "Late-Titled-Tuesday-Blitz-July-09-2024"]
[Site "Chess.com"]
[Date "2024.07.09"]
[Round "8"]
[White "RantomOpening"]
[Black "fugadelafuga"]
[Result "0-1"]
[WhiteElo "2579"]
[BlackElo "2465"]
[TimeControl "180+1"]
[EndTime "15:24:39 PDT"]
[Termination "fugadelafuga won by checkmate"]

1. b3 Nf6 2. Bb2 d5 3. Nf3 Bf5 4. g3 e6 5. Bg2 Be7 6. O-O O-O 7. d3 h6 8. Nbd2 Bh7 9. e3 c6 10. Qe2 Nbd7 11. Rfe1 Qc7 12. e4 dxe4 13. Nxe4 Nxe4 14. dxe4 e5 15. a4 Rfe8 16. Nd2 a5 17. Nc4 Bc5 18. Rad1 Nb6 19. Nxb6 Qxb6 20. Bc1 Rad8 21. Bf3 Rxd1 22. Rxd1 Rd8 23. Rxd8+ Qxd8 24. Be3 Bb4 25. Qd3 Qxd3 26. cxd3 Kf8 27. Bg4 c5 28. f4 f6 29.
fxe5 fxe5 30. Be6 Ke7 31. Bd5 b6 32. Kg2 Bg6 33. Kf3 Be8 34. Kg4 Kf6 35. Kh4 Bd7 36. g4 Be1+ 37. Kh5 Be8+ 38. Bf7 Bxf7# 0-1

[Event "Late-Titled-Tuesday-Blitz-July-09-2024"]
[Site "Chess.com"]
[Date "2024.07.09"]
[Round "8"]
[White "Stanbad1"]
[Black "IlanSchnaider"]
[Result "0-1"]
[WhiteElo "2637"]
[BlackElo "2836"]
[TimeControl "180+1"]
[EndTime "15:24:43 PDT"]
[Termination "IlanSchnaider won by checkmate"]

1. d4 Nf6 2. Nc3 d5 3. Bf4 c5 4.
e4 Nxe4 5. Nxe4 dxe4 6. dxc5 Nd7 7. Qd4 e5 8. Bxe5 Bxc5 9. Qc3 Qe7 10. Bxg7 Bb4 11.
Bxh8 f6 12. Ne2 Bxc3+ 13. Nxc3 Qf8 14. Bxf6 Nxf6 15. O-O-O a6 16. Bc4 Qc5 17. Bb3 Bd7 18.
Rhe1 O-O-O 19. Nxe4 Nxe4 20. Rxe4 Qxf2 21. Re7 Bg4 22. Rxd8+ Kxd8 23. Re4 Qf1+ 24. Kd2 Qxg2+ 25. Ke3 Qf3+ 26. Kd4 Bf5 27. Re5 Qf4+ 28. Kd5 Qd2+ 29. Kc5 Kc7 30. Rxf5 b6+ 31. Kc4 b5+ 32. Kc5 Qd6# 0-1

[Event "Late-Titled-Tuesday-Blitz-July-09-2024"]
[Site "Chess.com"]
[Date "2024.07.09"]
[Round "8"]
[White "sammartin99"]
[Black "Vaporwaffle94"]
[Result "1-0"]
[WhiteElo "2425"]
[BlackElo "2288"]
[TimeControl "180+1"]
[EndTime "15:25:01 PDT"]
[Termination "sammartin99 won by resignation"]

1. d4 e6 2. c4 Nf6 3. Nf3 Bb4+ 4. Bd2 Qe7 5. a3 Bxd2+ 6. Nbxd2 d6 7. e4 e5 8. d5 O-O 9. Bd3 Nh5 10. g3 Bh3 11.
Qc2 Nd7 12. Nh4 Nc5 13. b4 Nxd3+ 14. Qxd3 Nf4 15. Qf3 g5 16. gxf4 g4 17. Nf5 Qf6 18. Qc3 Rae8 19. O-O-O Qg6 20. fxe5 Rxe5 21. f4 gxf3 22.
Rhg1 Bg2 23. Nh4 Qh6 24. Nxf3 Rxe4 25. Rxg2+ 1-0

[Event "Late-Titled-Tuesday-Blitz-July-09-2024"]
[Site "Chess.com"]
[Date "2024.07.09"]
[Round "8"]
[White "Horokoskii"]
[Black "rionelG"]
[Result "0-1"]
[WhiteElo "2136"]
[BlackElo "2416"]
[TimeControl "180+1"]
[EndTime "15:25:25 PDT"]
[Termination "rionelG won by resignation"]

1. c4 c5 2. Nc3 g6 3. g3 Bg7 4. Bg2 Nc6 5. e3 e6 6. Nge2 Nge7 7. O-O O-O 8. b3 d5 9. cxd5 exd5 10. Bb2 Bf5 11. d4 cxd4 12. Nxd4 Nxd4 13. exd4 Rc8 14. Re1 Re8 15. Rc1 Qd7 16. Qd2 Be6 17. Na4 b6 18.
Ba3 Nf5 19. Bb2 Bh6 20. f4 Bf8 21. Ba1 Ba3 22. Rxc8 Rxc8 23. Nb2 Nxd4 24. Na4 Nc2 25. Rf1 Nxa1 26. Rxa1 d4 27. Nb2 d3 28. Nxd3 Qd4+ 0-1

[Event "Late-Titled-Tuesday-Blitz-July-09-2024"]
[Site "Chess.com"]
[Date "2024.07.09"]
[Round "8"]
[White "KNVB"]
[Black "Michalczak"]
[Result "1-0"]
[WhiteElo "2672"]
[BlackElo "2505"]
[TimeControl "180+1"]
[EndTime "15:25:26 PDT"]
[Termination "KNVB won by resignation"]

1. d4 d5 2. Bf4 c5 3. e3 cxd4 4.
exd4 Nc6 5. c3 Bf5 6. Qb3 Qd7 7. Nf3 f6 8. Be2 g5 9. Bg3 h5 10. h3 e6 11. a3 Nh6 12. O-O Bg6 13. Re1 Nf5 14.
c4 Nxg3 15. fxg3 g4 16. cxd5 gxf3 17. dxc6 Qxd4+ 18. Kh2 fxe2 19. Qxe6+ Be7 20. Rxe2 Qc5 21. b4 Bf7 22. Qd7+ 1-0

[Event "Late-Titled-Tuesday-Blitz-July-09-2024"]
[Site "Chess.com"]
[Date "2024.07.09"]
[Round "8"]
[White "Kowarenai"]
[Black "Defenstrator"]
[Result "1-0"]
[WhiteElo "2563"]
[BlackElo "2390"]
[TimeControl "180+1"]
[EndTime "15:25:30 PDT"]
[Termination "Kowarenai won by resignation"]

1. d4 Nf6 2. Bg5 Ne4 3. Bf4 g5 4. Bc1 g4 5. Nd2 Nf6 6. e4 d5 7. e5 Nfd7 8. e6 Nf6 9. exf7+ Kxf7 10. Bd3 c5 11. c3 Nc6 12. Ne2 e5 13. dxe5 Nxe5 14.
Nf1 Bg7 15. Nfg3 h5 16. Nf5 Re8 17. Nxg7 Nxd3+ 18. Qxd3 Kxg7 19. O-O Ne4 20. Ng3 Nxg3 21. fxg3 Qd6 22. Bf4 Qe6 23. Rae1 Qxe1 24. Rxe1 Rxe1+ 25.
Kf2 Re8 26. Qxd5 Be6 27. Qg5+ Kf7 28. Qxh5+ Ke7 29. Qxc5+ Kd7 30. Qd6+ 1-0

[Event "Late-Titled-Tuesday-Blitz-July-09-2024"]
[Site "Chess.com"]
[Date "2024.07.09"]
[Round "8"]
[White "Arysya"]
[Black "Oleksandr_Bortnyk"]
[Result "0-1"]
[WhiteElo "2913"]
[BlackElo "3061"]
[TimeControl "180+1"]
[EndTime "15:25:31 PDT"]
[Termination "Oleksandr_Bortnyk won by resignation"]

1. e4 Nf6 2. e5 Nd5 3. d4 d6 4.
Bc4 Nb6 5. Bb3 d5 6. Nf3 Bf5 7. O-O e6 8. c3 Be7 9. Bc2 Bxc2 10. Qxc2 c5 11. dxc5 Bxc5 12. Bg5 Qc7 13. Bf4 Nc6 14.
Nbd2 h6 15. Nb3 Be7 16. Rfe1 g5 17. Bg3 h5 18. h3 g4 19. hxg4 hxg4 20. Nfd4 O-O-O 21.
Nb5 Qd7 22. Nd6+ Bxd6 23. exd6 f5 24. Kf1 e5 25. Nc5 Qf7 26. f3 f4 27. Bf2 gxf3 28.
gxf3 Rxd6 29. Rad1 Rh2 30. Ke2 e4 0-1

[Event "Late-Titled-Tuesday-Blitz-July-09-2024"]
[Site "Chess.com"]
[Date "2024.07.09"]
[Round "8"]
[White "JavierRuizVazquez"]
[Black "Chessbard1972"]
[Result "1-0"]
[WhiteElo "2413"]
[BlackElo "2270"]
[TimeControl "180+1"]
[EndTime "15:25:31 PDT"]
[Termination "JavierRuizVazquez won by resignation"]

1. e4 c5 2. Nc3 a6 3. d4 cxd4 4. Qxd4 Nc6 5. Qd2 g6 6. b3 Bg7 7. Bb2 d6 8. O-O-O Nf6 9. Kb1 O-O 10. f3 b5 11. g4 Be6 12. h4 h5 13. Nd5 Bxd5 14.
exd5 Ne5 15. gxh5 Nxh5 16. f4 Ng4 17. Bxg7 Kxg7 18. Be2 Ngf6 19. Nf3 Rc8 20. Nd4 Qd7 21. f5 Nxd5 22. Bxh5 Nc3+ 23. Kb2 Nxd1+ 24. Bxd1 e5 25. fxe6 fxe6 26. h5 e5 27. Qg5 Qf7 28. hxg6 Qxg6 29. Ne6+ Kf7 30. Bh5 1-0

[Event "Late-Titled-Tuesday-Blitz-July-09-2024"]
[Site "Chess.com"]
[Date "2024.07.09"]
[Round "8"]
[White "HouseOfDurin"]
[Black "giomar27"]
[Result "1-0"]
[WhiteElo "2311"]
[BlackElo "2408"]
[TimeControl "180+1"]
[EndTime "15:25:36 PDT"]
[Termination "HouseOfDurin won by resignation"]

1. d4 d6 2. Bg5 h6 3. Bh4 Bf5 4. e3 Nd7 5. Bd3 Bxd3 6. Qxd3 c5 7. Nf3 Qb6 8. Nbd2 g5 9. Bg3 Bg7 10. O-O Ngf6 11. c4 O-O 12. Rab1 Nh5 13. a3 a5 14. b3 f5 15. d5 f4 16. exf4 Nxf4 17.
Bxf4 Rxf4 18. Rfe1 Qd8 19. Re4 Qf8 20. Rbe1 Ne5 21.
Nxe5 Bxe5 22. Nf3 Rxe4 23. Qxe4 Bc3 24. Re3 Bf6 25. h4 Qg7 26. hxg5 hxg5 27. g4 Ra7 28. Kg2 Ra6 29. Qe6+ Qf7 30. Qf5 Qg7 31. Qc8+ Kh7 32.
Qxb7 1-0

[Event "Late-Titled-Tuesday-Blitz-July-09-2024"]
[Site "Chess.com"]
[Date "2024.07.09"]
[Round "8"]
[White "Bugcrusher"]
[Black "MKlose11"]
[Result "0-1"]
[WhiteElo "2498"]
[BlackElo "2666"]
[TimeControl "180+1"]
[EndTime "15:25:44 PDT"]
[Termination "MKlose11 won by resignation"]

1. e4 e6 2. d4 d5 3. Nc3 Bb4 4. e5 Ne7 5. Bd2 b6 6. Nb5 Bxd2+ 7. Qxd2 O-O 8. f4 Ba6 9. Nf3 c6 10. Nc3 Bxf1 11. Rxf1 c5 12. O-O-O Nbc6 13. Ne2 Qc7 14.
Kb1 Rac8 15. g4 a6 16. h4 cxd4 17. Nexd4 Nxd4 18. Nxd4 Nc6 19. Nxc6 Qxc6 20. f5 Kh8 21. f6 g6 22. h5 Rg8 23. Rh1 g5 24. Qd4 h6 25. c3 Qb5 26. a4 Qa5 27. Qe3 Rc4 28.
Rd4 Rgc8 29. Rhd1 Qxa4 30. R1d2 Qb5 31. Kc1 a5 32. Rxd5 exd5 33. e6 Re4 34. Qxe4 dxe4 35. e7 Qe8 0-1

[Event "Late-Titled-Tuesday-Blitz-July-09-2024"]
[Site "Chess.com"]
[Date "2024.07.09"]
[Round "8"]
[White "OparinGrigoriy"]
[Black "ChessSwole"]
[Result "1-0"]
[WhiteElo "3018"]
[BlackElo "2731"]
[TimeControl "180+1"]
[EndTime "15:25:47 PDT"]
[Termination "OparinGrigoriy won by resignation"]

1. d4 d5 2. c4 c6 3. Nf3 Nf6 4.
Nc3 e6 5. e3 a6 6. a4 c5 7. cxd5 exd5 8. dxc5 Bxc5 9. Bd3 O-O 10. O-O Nc6 11. h3 d4 12. exd4 Nxd4 13. Ne4 Nxe4 14.
Bxe4 Nxf3+ 15. Qxf3 Qb6 16. a5 Qb4 17. Rd1 Bd4 18. Bxh7+ Kxh7 19. Qd3+ Kg8 20. Qxd4 Qxd4 21. Rxd4 Be6 22. Be3 Rac8 23. Rad1 Rc5 24. b4 Rb5 25. R4d2 Rc8 26. Bc5 b6 27. Rd8+ Rxd8 28. Rxd8+ Kh7 29. axb6 a5 30. bxa5 Rxc5 31. b7 1-0

[Event "Late-Titled-Tuesday-Blitz-July-09-2024"]
[Site "Chess.com"]
[Date "2024.07.09"]
[Round "8"]
[White "santig8"]
[Black "Payyappat"]
[Result "0-1"]
[WhiteElo "2284"]
[BlackElo "2423"]
[TimeControl "180+1"]
[EndTime "15:25:47 PDT"]
[Termination "Payyappat won by checkmate"]

1. e4 c6 2. d4 d5 3. e5 Bf5 4.
Bd3 Bxd3 5. Qxd3 e6 6. Nf3 c5 7. O-O Nc6 8. c3 Nge7 9. dxc5 Ng6 10. Re1 Bxc5 11. b4 Bb6 12. a4 Bc7 13. b5 Ncxe5 14. Nxe5 Nxe5 15. Qd4 Qf6 16. Ba3 Qg5 17. Kh1 Qh5 18.
Qc5 O-O-O 19. h3 Nd3 20. Qxa7 Nxe1 21. Qa8+ Bb8 22. a5 Qe5 23. g3 Qe4+ 24. Kg1 Qg2# 0-1